 Dungeon Crawl Stone Soup version 0.19-a0-607-g42021f0 (webtiles) character file.

88 mistymad the Sneak (level 4, 0/32 HPs)
             Began as a Vampire Enchanter on June 12, 2016.
             Slain by an orc wizard
             ... wielding a +0 dagger
              (4 damage)
             ... on level 3 of the Dungeon.
             The game lasted 00:07:13 (1930 turns).

mistymad the Sneak (Vampire Enchanter)              Turns: 1930, Time: 00:07:13

Health: 0/32       AC:  4    Str: 12    XL:     4   Next: 29%
Magic:  2/7        EV: 13    Int: 17    God:
Gold:   193        SH:  0    Dex: 15    Spells: 3 memorised, 2 levels left

rFire  . . .     SeeInvis +     a - +1 dagger
rCold  . . .     Gourm    .     b - +1 robe
rNeg   + . .     Faith    .     (no shield)
rPois  .         Spirit   .     (no helmet)
rElec  .         Dismiss  .     f - +0 cloak
rCorr  .         Reflect  .     (no gloves)
SustAt .         Harm     .     (no boots)
MR     .....                    (no amulet)
Stlth  +++.......               (no ring)
                                (no ring)

@: mighty, not resistant to hostile enchantments, fairly stealthy
A: fangs 3, see invisible, unbreathing
a: Bat Form


You were on level 3 of the Dungeon.
You were not thirsty.

You visited 1 branch of the dungeon, and saw 3 of its levels.

You collected 193 gold pieces.

Inventory:

Hand Weapons
 a - a +1 dagger (weapon)
 q - a +1 dagger of holy wrath
Armour
 b - a +1 robe (worn)
 f - a +0 cloak (worn)
 g - a +2 buckler
Jewellery
 h - an uncursed ring of resist corrosion {unknown}
 n - an uncursed ring of protection from cold {unknown}
 r - a +4 ring of dexterity {unknown}
Scrolls
 e - 4 scrolls of enchant weapon {unknown}
 i - 8 scrolls of identify {unknown}
 j - a scroll of noise {unknown}
 l - a scroll of teleportation {unknown}
 o - a scroll of immolation {unknown}
 p - a scroll of fear {unknown}
 s - a scroll of fog {unknown}
Potions
 d - 18 potions of blood
 m - a potion of brilliance {unknown}
Books
 c - a book of Maledictions

   Spells                             Type                      Level
   a - Corona                         Hexes                        1
   b - Ensorcelled Hibernation        Hexes/Ice                    2
   c - Confuse                        Hexes                        3
   d - Tukima's Dance                 Hexes                        3
   e - Dazzling Spray                 Conjuration/Hexes            3


   Skills:
 + Level 1.0 Fighting
 + Level 2.0 Short Blades
 + Level 3.0 Dodging
 + Level 5.0 Stealth
 + Level 2.5 Spellcasting
 + Level 4.9 Hexes


You had 2 spell levels left.
You knew the following spells:

 Your Spells              Type           Power        Failure   Level  Hunger
a - Corona                Hex            ###....      2%          1    #......
b - Ensorcelled Hibernat  Hex/Ice        ##....       12%         2    ##.....
c - Confuse               Hex            ###.....     10%         3    ###....


Dungeon Overview and Level Annotations

Branches:
Dungeon (3/15)

Altars:
Gozag


Innate Abilities, Weirdness & Mutations

You have razor-sharp teeth.
You have supernaturally acute eyesight. (SInv)
You can survive without breathing.


Message History

The orc wizard is heavily wounded.
The orc wizard points at you and mumbles some strange words.
The puff of frost hits you!
You take 8 damage, and have 10/32 hp.
MASSIVE DAMAGE!!
You barely miss the orc wizard.
The orc wizard is heavily wounded.
The orc wizard hits you with a dagger.
* * * LOW HITPOINT WARNING * * *
The orc wizard hits you but does no damage.
You take 3 damage, and have 7/32 hp.
It was a potion of might.
You feel very mighty all of a sudden. The orc wizard casts a spell at you.
The magic dart hits you!
* * * LOW HITPOINT WARNING * * *
You take 3 damage, and have 4/32 hp.
You hit the orc wizard.
The orc wizard is heavily wounded.
The orc wizard hits you with a dagger.
You die...

#.# #. ##.## #.#
##...## #.# ###..#..###
# #.# #.........#
#.##.## #.###.###.#
#.#...#####.###.###.#
#................##.##
#..@#.....#.#..#....
##o##.....##........
#.##.....##...#..##
#.##.....##...#..#
#####.##.....#.......##
#....>[.......##..#.##.
#........).#####..#.##.
#.$..........##>.......
#............##........


You could see an orc wizard.

Vanquished Creatures
  3 adders
  An ooze (D:1)
  2 dart slugs (D:1)
  An orc (D:3)
  A giant cockroach (D:3)
  6 goblins
  7 hobgoblins
  A ball python (D:1)
  8 bats
  4 giant newts
  A jackal zombie (D:3)
  5 kobolds
  16 rats
56 creatures vanquished.

Notes
Turn   | Place    | Note
--------------------------------------------------------------
     0 | D:1      | mistymad the Vampire Enchanter began the quest for the Orb.
     0 | D:1      | Reached XP level 1. HP: 13/13 MP: 3/3
   297 | D:1      | Reached XP level 2. HP: 19/19 MP: 5/5
   729 | D:1      | Learned a level 2 spell: Ensorcelled Hibernation
   768 | D:1      | Reached XP level 3. HP: 25/25 MP: 3/6
   773 | D:1      | Learned a level 3 spell: Confuse
  1032 | D:2      | Reached skill level 1 in Fighting
  1522 | D:2      | Reached XP level 4. HP: 32/32 MP: 7/7
  1539 | D:2      | Reached skill level 5 in Stealth
  1680 | D:2      | Found an opulent altar of Gozag.
  1699 | D:2      | Found a faded altar of an unknown god.
  1930 | D:3      | Slain by an orc wizard

Vault maps used:
D:1:      minmay_arrival_widening_spiral_wide
D:2:      nicolae_gozag_cash_rules_everything_around_me, ecumenical_altar_1,
          minmay_rat_gold_closets
D:3:      grunt_temple_overflow_magic_moments

Skill      XL: |  1  2  3  4 |
---------------+-------------+-----
Fighting       | 1 |  1.0
Stealth        | 5 |  5.0
Short Blades   | 2 |  2.0
Dodging        | 3 |  3.0
Spellcasting   | |  2.5
Hexes          | |  4.9

Action                   |  1- 3 |  4- 6 || total
-------------------------+-------+-------++-------
Melee: Dagger            |   142 |    29 ||   171
       Bite              |    13 |     3 ||    16
 Cast: Corona            |     8 |     1 ||     9
       Ensorcelled Hiber |     3 |       ||     3
       Confuse           |       |     2 ||     2
  Use: Potion            |     1 |     2 ||     3
 Stab: Sleeping          |    23 |     4 ||    27
Armor: Robe              |    35 |     3 ||    38
Dodge: Dodged            |    81 |    18 ||    99
